 Dungeon Crawl Stone Soup version 0.20-a0-386-g2d247ea (webtiles) character file.

11146 AlphabetPasta the Covert (level 11, -3/56 HPs)
             Began as a Spriggan Monk on Dec 28, 2016.
             Was an Elder of Ashenzari.
             Slain by a manticore (12 damage)
             ... on level 11 of the Dungeon on Dec 29, 2016.
             The game lasted 01:42:44 (13719 turns).

AlphabetPasta the Covert (Spriggan Monk)           Turns: 13719, Time: 01:42:45

Health: -3/56      AC:  7    Str: 10    XL:     11   Next: 45%
Magic:  19/19      EV:  4    Int: 15    God:    Ashenzari [****..]
Gold:   396        SH:  0    Dex: 21    Spells: 14/20 levels left

rFire  + . .     SeeInvis +     b - +6 quarterstaff "Killer Bee's Peril" {flame, rPois MR+ Str+3 Int-2}
rCold  + . .     Gourm    .     h - +1 robe {rF+} (curse)
rNeg   + + +     Faith    .     (shield currently unavailable)
rPois  ∞         Spirit   .     A - +2 hat (curse)
rElec  .         Reflect  .     P - +1 cloak of the Hare {rC+} (curse)
rCorr  .         Harm     .     (gloves unavailable)
MR     ++...     Clarity  +     (boots unavailable)
Stlth  ++++++++..               (no amulet)
                                L - +4 ring of intelligence
                                t - ring of stealth

@: petrified, slowed, repel missiles, very quick
A: unfitting armour, see invisible, herbivore 3, speed 3, slow metabolism 2
a: Curse Item, Scrying, Renounce Religion


You were on level 11 of the Dungeon.
You worshipped Ashenzari.
Ashenzari was greatly pleased with you.
You were not hungry.

You visited 1 branch of the dungeon, and saw 11 of its levels.
You also visited: Ossuary.

You collected 724 gold pieces.
You spent 328 gold pieces at shops.

Inventory:

Hand Weapons
 a - a +5 dagger
 b - the +6 quarterstaff "Killer Bee's Peril" (weapon) {flame, rPois MR+ Str+3 Int-2}
   (You found it on level 4 of the Dungeon)

   It has been specially enchanted to burn those struck by it, causing extra
   injury to most foes and up to half again as much damage against particularly
   susceptible opponents.
   It affects your strength (+3).
   It affects your intelligence (-2).
   It protects you from poison.
   It affects your resistance to hostile enchantments.
 c - a +0 blowgun
 k - a +0 short sword
 l - a +0 falchion
 o - a +0 dagger
 K - a +2 rapier of venom
Missiles
 g - 7 curare-tipped needles
 m - 10 tomahawks (quivered)
 O - 5 needles of sleeping
Armour
 h - a cursed +1 robe of fire resistance (worn)
 j - a +0 robe
 s - a +0 cloak
 A - a cursed +2 hat (worn)
 P - the cursed +1 cloak of the Hare (worn) {rC+}
   (You acquired it on level 10 of the Dungeon)

   It protects you from cold.
   It has a curse placed upon it.
Jewellery
 t - a ring of stealth (left hand)
 B - a +1 ring of evasion
 L - a +4 ring of intelligence (right hand)
Wands
 D - a wand of iceblast (6/15)
 G - a wand of random effects (1/48)
 M - a wand of random effects (26/48)
 Q - a wand of disintegration (17/24)
 R - a wand of polymorph (6/24)
 S - a wand of polymorph (14/24)
Scrolls
 d - 6 scrolls of teleportation
 i - 4 scrolls of remove curse
 n - 2 scrolls of magic mapping
 p - a scroll of fog
 y - 3 scrolls of blinking
 C - a scroll of recharging
 J - a scroll of enchant armour
 T - a scroll of enchant weapon
Potions
 e - 2 potions of agility
 f - 4 potions of cancellation
 q - a potion of heal wounds
 u - 2 potions of magic
 v - 2 potions of cure mutation
 w - 2 potions of flight
 x - 2 potions of ambrosia
 z - 4 potions of curing
 E - a potion of might
 I - a potion of resistance {unknown}
 N - a potion of brilliance
 U - a potion of beneficial mutation {unknown}
Books
 r - a book of Minor Magic

   Spells                             Type                      Level
   a - Magic Dart                     Conjuration                  1
   b - Blink                          Translocation                2
   c - Call Imp                       Summoning                    2
   d - Repel Missiles                 Charms/Air                   2
   e - Slow                           Hexes                        2
   f - Conjure Flame                  Conjuration/Fire             3
   g - Mephitic Cloud                 Conjuration/Poison/Air       3
Comestibles
 F - 6 slices of pizza
 H - 8 bread rations


   Skills:
 + Level 6.1 Fighting
 * Level 10.3 Short Blades
 - Level 4.3 Throwing
 + Level 10.1(13.4) Dodging
 * Level 13.0(16.1) Stealth
 + Level 5.3 Spellcasting
 + Level 4.8 Hexes
 - Level 2.0 Charms
 - Level 2.3 Translocations
 + Level 2.9 Air Magic
 + Level 5.4 Evocations


You had 14 spell levels left.
You knew the following spells:

 Your Spells              Type           Power        Failure   Level  Hunger
a - Slow                  Hex            ###.....     3%          2    ##.....
b - Blink                 Tloc           N/A          12%         2    ##.....
c - Repel Missiles        Chrm/Air       ##....       12%         2    ##.....


Dungeon Overview and Level Annotations

Branches:
Dungeon (11/15)            Temple (0/1) D:5            Lair (0/6) D:8
    Orc (0/2) D:9

Altars:
Ashenzari
Cheibriados
Elyvilon
Gozag
Hepliaklqana
Okawaru
Ru
Vehumet
Zin
Beogh

Shops:
D:6 =   D:9 ![}

Annotations:
D:3 Edmund
D:11 Erica; Huckle's ghost, journeyman FeTm; Psyche


Innate Abilities, Weirdness & Mutations

You are very small and have problems with some larger weapons.
You are too small for most types of armour.
You have supernaturally acute eyesight. (SInv)
You are a herbivore.
You cover ground extremely quickly.
You need consume almost no food.


Message History

The manticore bites you! The manticore claws you.
The manticore claws you but does no damage.
Psyche sucks her thumb.
Psyche hits you but does no damage.
You feel yourself slow down. The manticore bites you!
The manticore claws you but does no damage.
The manticore claws you. Psyche hits you with a dagger of chaos.
The manticore barely misses you. The manticore claws you. x2
Psyche hits you but does no damage. The manticore bites you!
The manticore claws you!
The manticore claws you but does no damage.
Psyche hits you with a dagger of chaos! The manticore bites you!
* * * LOW HITPOINT WARNING * * *
The manticore claws you.
* * * LOW HITPOINT WARNING * * *
The manticore claws you but does no damage.
Psyche hits you with a dagger of chaos. The manticore bites you!!
You die...

* , ,,, ,, * * *
{ #. ,* * * * **
, , ,* #. ,, *,,
* *#.###. ,* *
,,, ,# #..... , *
,** .# ###### ,*
* *###.# # * ....
,* , ######.#**,#
#..@@H.# *.# *
#.####.###.# * *
,* ##...#* , * *
##.## * ** # #.#
#.######.# *, * *
*##........#
,......##..######
, * *
##.##.##.......#


You could see a manticore and Psyche.

Vanquished Creatures
  Gastronok (D:10)
  3 two-headed ogres
  Urug (D:10)
  A cyclops (D:10)
  2 trolls (D:11)
  Sigmund (D:4)
  The ghost of buttass the Skirmisher, an amateur HOMo (D:4)
  A human (D:7)
  A yak (D:7)
  3 hogs (D:7)
  A hungry ghost (D:7)
  A steam dragon (D:11)
  A water moccasin (D:5)
  8 orc warriors
  An ice beast (D:4)
  A phantom (D:5)
  4 sky beasts
  4 ogres
  A necrophage (D:9)
  2 centaurs
  Blork the orc (D:9)
  5 bullfrogs
  2 big kobolds
  An elf zombie (Ossuary)
  2 scorpions
  8 killer bees
  3 wights (D:9)
  4 crimson imps
  A howler monkey (D:6)
  3 centaur zombies
  A bullfrog zombie (D:5)
  A hound (D:7)
  2 bullfrog skeletons
  4 jellies
  3 centaur skeletons
  A human zombie (Ossuary)
  12 orc priests
  2 iguanas
  11 orc wizards
  6 worker ants
  A big kobold zombie (Ossuary)
  3 mummies
  9 gnolls
  A worker ant zombie (D:7)
  4 adders
  2 oozes
  2 adder skeletons
  2 worms
  4 dart slugs
  4 leopard geckos
  53 orcs
  3 ball pythons
  8 giant cockroaches
  4 goblins
  8 hobgoblins
  7 jackals
  17 kobolds
  3 quokkas
  4 bats
  8 frilled lizards
  2 goblin zombies (Ossuary)
  12 hobgoblin zombies
  4 jackal zombies
  7 kobold zombies (Ossuary)
  10 orc zombies
  6 rats
  A rat zombie (Ossuary)
301 creatures vanquished.

Vanquished Creatures (others)
  2 gnolls (D:5)
  An orc (D:5)
3 creatures vanquished.

Grand Total: 304 creatures vanquished

Notes
Turn   | Place    | Note
-------+----------+-------------------------------------------
     0 | D:1      | AlphabetPasta the Spriggan Monk began the quest for the Orb.
     0 | D:1      | Reached XP level 1. HP: 11/11 MP: 2/2
   400 | D:1      | Reached XP level 2. HP: 12/16 MP: 3/3
   715 | D:1      | Found a shattered altar of Ashenzari.
   723 | D:1      | Became a worshipper of Ashenzari the Shackled
   723 | D:1      | Reached * piety under Ashenzari
   723 | D:1      | Reached ** piety under Ashenzari
   930 | D:1      | Reached skill level 1 in Throwing
   995 | D:2      | Reached XP level 3. HP: 12/19 MP: 4/4
  1789 | D:2      | Reached skill level 4 in Stealth
  2406 | D:2      | Reached XP level 4. HP: 23/23 MP: 5/5
  2503 | D:3      | Found an iron altar of Okawaru.
  3309 | D:4      | Noticed Sigmund
  3334 | D:4      | Noticed buttass's ghost (amateur HOMo)
  3346 | D:4      | Killed Sigmund
  3346 | D:4      | Reached skill level 5 in Short Blades
  3346 | D:4      | Reached skill level 5 in Dodging
  3346 | D:4      | Reached skill level 5 in Stealth
  3346 | D:4      | Reached XP level 5. HP: 8/28 MP: 6/6
  3356 | D:4      | Killed buttass's ghost
  3356 | D:4      | Reached skill level 6 in Stealth
  3356 | D:4      | Reached XP level 6. HP: 16/32 MP: 7/7
  4134 | D:4      | Noticed Edmund
  4659 | D:4      | Noticed an ice beast
  5063 | D:4      | Reached XP level 7. HP: 32/36 MP: 8/8
  5068 | D:4      | Got the quarterstaff "Killer Bee's Peril" {flame, rPois MR+ Str+3 Int-2}
  5188 | D:4      | Identified the +6 quarterstaff "Killer Bee's Peril" {flame, rPois MR+ Str+3 Int-2} (You found it on level 4 of the Dungeon)
  5220 | D:5      | Entered Level 5 of the Dungeon
  5245 | D:5      | Reached skill level 7 in Stealth
  5471 | D:5      | Found a snail-covered altar of Cheibriados.
  5762 | D:5      | Reached XP level 8. HP: 37/42 MP: 9/9
  5850 | D:5      | Found a staircase to the Ecumenical Temple.
  6042 | D:5      | Identified Sif Muna's Volume of Ashen Poisoning
  6044 | D:5      | Found a glowing silver altar of Zin.
  6438 | D:5      | Reached skill level 8 in Stealth
  6468 | D:5      | Found a radiant altar of Vehumet.
  6898 | D:6      | Found Fumeah's Jewellery Shop.
  7020 | D:6      | Found a sand-covered staircase.
  7093 | Ossuary  | Entered an ossuary
  7283 | Ossuary  | Reached *** piety under Ashenzari
  7620 | D:6      | Reached skill level 9 in Stealth
  7795 | D:6      | Reached XP level 9. HP: 46/46 MP: 10/10
  7799 | D:6      | Learned a level 2 spell: Slow
  7802 | D:6      | Learned a level 2 spell: Blink
  7805 | D:6      | Learned a level 2 spell: Repel Missiles
  8011 | D:6      | Reached skill level 1 in Spellcasting
  8371 | D:7      | Reached skill level 10 in Stealth
  8496 | D:7      | Reached skill level 1 in Hexes
  8496 | D:7      | Reached skill level 1 in Translocations
  8513 | D:7      | Reached skill level 5 in Fighting
  8663 | D:7      | Reached skill level 1 in Charms
  9027 | D:7      | Reached skill level 1 in Evocations
  9130 | D:7      | Reached skill level 1 in Air Magic
  9454 | D:8      | Reached XP level 10. HP: 51/51 MP: 15/15
  9601 | D:8      | Found a staircase to the Lair.
 10084 | D:8      | Reached skill level 11 in Stealth
 10216 | D:8      | Noticed a two-headed ogre
 10244 | D:8      | Killed a two-headed ogre
 10659 | D:9      | Noticed Blork the orc
 10696 | D:9      | Found a snail-covered altar of Cheibriados.
 10702 | D:9      | Noticed a two-headed ogre
 10729 | D:9      | Killed a two-headed ogre
 10744 | D:9      | Killed Blork the orc
 10856 | D:9      | Found a hazy altar of Hepliaklqana.
 10856 | D:9      | Found a white marble altar of Elyvilon.
 10857 | D:9      | Found a sacrificial altar of Ru.
 10859 | D:9      | Found an opulent altar of Gozag.
 11005 | D:9      | Found Ihafiam's Armour Boutique.
 11025 | D:9      | Found a staircase to the Orcish Mines.
 11036 | D:9      | Found a roughly hewn altar of Beogh.
 11313 | D:9      | Found Vizuvod's Gadget Shoppe.
 11318 | D:9      | Bought a wand of random effects (26/48) for 140 gold pieces
 11506 | D:9      | Found Eson's Distillery.
 11509 | D:9      | Bought a potion of curing for 39 gold pieces
 11509 | D:9      | Bought a potion of heal wounds for 65 gold pieces
 11509 | D:9      | Bought a potion of brilliance for 52 gold pieces
 11509 | D:9      | Bought a potion of mutation for 32 gold pieces
 11586 | D:10     | Entered Level 10 of the Dungeon
 11777 | D:10     | Reached **** piety under Ashenzari
 11781 | D:10     | Noticed a cyclops
 11784 | D:10     | Killed a cyclops
 11784 | D:10     | Reached skill level 12 in Stealth
 11894 | D:10     | Noticed Gastronok
 11908 | D:10     | Killed Gastronok
 11908 | D:10     | Reached skill level 10 in Short Blades
 11908 | D:10     | Reached XP level 11. HP: 41/56 MP: 17/19
 12154 | D:10     | Reached skill level 5 in Spellcasting
 12277 | D:10     | Noticed Urug
 12279 | D:10     | Killed Urug
 12562 | D:10     | Identified a scroll of acquirement
 12563 | D:10     | Got the cursed cloak of the Hare {rC+}
 12574 | D:10     | Identified the cursed +1 cloak of the Hare {rC+} (You acquired it on level 10 of the Dungeon)
 12680 | D:11     | Reached skill level 10 in Dodging
 12787 | D:11     | Reached skill level 5 in Evocations
 12913 | D:11     | Noticed Erica
 12926 | D:11     | Noticed Huckle's ghost (journeyman FeTm)
 13131 | D:11     | Noticed a two-headed ogre
 13510 | D:11     | Killed a two-headed ogre
 13510 | D:11     | Reached skill level 13 in Stealth
 13702 | D:11     | Noticed Psyche
 13719 | D:11     | Slain by a manticore

Vault maps used:
D:1:      dpeg_arrival_signposts, evilmike_ruin_ashenzari
D:2:      minmay_pentomino_u4
D:3:      okawaru_ov_weapons_minmay
D:4:      first_bread, uniq_sigmund, uniq_edmund
D:5:      fiery_altar_vehumet, lemuel_doored_altar, lemuel_tele_altar
D:6:      serial_shops, shop, enter_ossuary_1
D:7:      grunt_livestock
D:8:      lair_entry_dummy, minmay_mini_ossuary
D:9:      minitemple, minmay_orc_entry_temple_small, serial_shops, shop,
          kennysheep_little_box, nicolae_shop_temple_entry_statues_fountains,
          sword_in_stone
D:10:     lightli_minifort, uniq_gastronok, uniq_urug
D:11:     special_room, uniq_psyche, uniq_erica
Ossuary:  ossuary_tomb_1

Skill      XL: |  1  2  3  4  5  6  7  8  9 10 11 |
---------------+----------------------------------+-----
Throwing       | 1 2 3 4 |  4.3
Short Blades   | 4 5 6 7 8 10 | 10.3
Stealth        | 4 5 6 7 9 10 12 13 | 13.0
Fighting       | 3 4 5 6 |  6.1
Dodging        | 5 6 8 9 10 | 10.1
Spellcasting   | 3 4 5 |  5.3
Hexes          | 2 4 |  4.8
Translocations | 1 2 |  2.3
Charms         | 1 2 |  2.0
Evocations     | 2 4 5 |  5.4
Air Magic      | 1 2 |  2.9

Action                   |  1- 3 |  4- 6 |  7- 9 | 10-12 || total
-------------------------+-------+-------+-------+-------++-------
Melee: Short sword       |   190 |   156 |       |       ||   346
       Dagger            |    23 |    83 |   127 |    43 ||   276
       Quarterstaff      |       |       |   258 |   229 ||   487
 Fire: Blowgun           |       |       |       |     3 ||     3
Throw: Tomahawk          |       |       |     2 |       ||     2
 Cast: Repel Missiles    |       |       |     1 |     2 ||     3
       Slow              |       |       |       |    21 ||    21
Invok: Curse Item        |       |       |     2 |       ||     2
Evoke: Wand              |       |       |       |     7 ||     7
  Use: Scroll            |     5 |     4 |     7 |     7 ||    23
       Potion            |       |     6 |     2 |     2 ||    10
 Stab: Sleeping          |     4 |    10 |    32 |    19 ||    65
       Distracted        |     2 |     2 |     3 |     2 ||     9
  Eat: Royal jelly       |       |     1 |       |     1 ||     2
       Bread ration      |       |       |     1 |       ||     1
       Pizza             |       |       |       |     2 ||     2
Armor: Robe              |    15 |     5 |    21 |    20 ||    61
       Skin              |       |     9 |       |       ||     9
Dodge: Dodged            |   142 |   115 |   328 |   272 ||   857
       Deflected         |       |       |       |     3 ||     3
